Map: Whirlwind LE (Void)

Players

Emey

  • Race: Protoss Protoss
  • League: Diamond
  • Spawn Location: 1:00

Musumeci - Winner!

  • Race: Zerg Zerg
  • League: Diamond
  • Spawn Location: 5:00

VOD

Have the link to the VOD?

Description

Time

  • Played on: Dec. 30, 2016, 2:21 p.m.
  • Length: 4:11
Show
View Real Time Build Order
Export as new Build Order

Emey Protoss 

Build Orders:  

Get SALT Encoding   

  12  0:01  Probe (Chrono Boost)  
  13  0:11  Probe (Chrono Boost)  
  14  0:22  Probe (Chrono Boost)  
  15  0:30  Pylon  
  15  1:13  Assimilator, Probe (Chrono Boost)  
  15  1:17  Assimilator  
  16  1:24  Pylon, Probe (Chrono Boost)  
  17  1:30  Pylon  
  17  1:34  Probe (Chrono Boost)  
  18  1:43  Pylon  
  18  1:45  Pylon, Probe (Chrono Boost)  
  18  1:56  Gateway  
  18  2:00  Nexus  
  18  2:11  Pylon  
  18  2:13  Probe (Chrono Boost)  
  19  2:24  Probe (Chrono Boost)  
  20  2:36  Forge  
  20  2:45  Cybernetics Core  
Show
View Real Time Build Order
Export as new Build Order

Musumeci Zerg - Winner!

Build Orders: Hatch First 

Get SALT Encoding   

  12  0:01  Drone  
  13  0:09  Drone  
  14  0:20  Extractor  
  13  0:21  Drone  
  15  0:43  Hatchery  
  14  0:50  Drone, Extractor  
  14  0:51  Extractor  
  14  0:53  Drone  
  15  1:09  Spawning Pool  
  14  1:25  Overlord  
  14  1:56  Zergling x6  
  17  2:17  Metabolic Boost  
  17  2:44  Hatchery  
  17  3:00  Drone x5  
  17  3:01  Drone  
  23  3:38  Zergling x10  
  23  3:40  Overlord  
Tags
 
Add a new tag
Caveats
  • Supply blocks, unpowered buildings, or Contaminate may cause inaccurate times.
  • Supply counts are checked every 10 seconds.